Match 23691977
Unlisted

Match 23691977
End
Kradschützen Motorcycle Team
Panzergrenadier Squad
Selects Armored Support Battlegroup
250 Light Carrier
Construct Light Support Kompanie
Combat Half-tracks
Fire Support Elements
Selects Salvage Kits
Flakvierling Half-track
Panzergrenadier Squad
Panzerjäger Mechanized Group
2.5-tonne Medical Truck
Construct Panzerarmee Kommand
Selects Panzer Storm
Selects Superior Fire Drills
Pak 38 Mechanized Group
Panzer III L Medium Tank
Panzergrenadier Squad
Panzerjäger Squad
Selects Stuka Dive Bomb
Panzer III L Medium Tank
Flakvierling Half-track
Armored Reserves
Tiger Heavy Tank
Szasza
iceman
maximederlin
Global Traveler
WasaBee
Beast
0
0

Comments sign in to comment!

No comments posted yet!